 Dungeon Crawl Stone Soup version 0.28-a0-1567-g1695149f81 (webtiles) character file.

Game seed: 2914017316570915856

42 lonewolfV2 the Ruffian (level 3, 0/30 HPs)
             Began as a Ghoul Gladiator on Jan 20, 2022.
             Slain by a worm (4 damage)
             ... on level 2 of the Dungeon.
             The game lasted 00:02:25 (1858 turns).

lonewolfV2 the Ruffian (Ghoul Gladiator)            Turns: 1858, Time: 00:02:26

Health: 0/30       AC:  4    Str: 19    XL:     3   Next: 56%
Magic:  2/2        EV: 12    Int:  3    God:
Gold:   85         SH:  0    Dex: 10    Spells: 2/2 levels left

rFire   . . .      SeeInvis .     - Unarmed
rCold   + . .      Faith    .   (no shield)
rNeg    + + +      Spirit   .   a - +0 leather armour
rPois   ∞          Reflect  .   b - +0 helmet
rElec   .          Harm     .   (no cloak)
rCorr   .          Rampage  .   (no gloves)
Will    .....                   (no boots)
Stlth   +.........              (no amulet)
HPRegen 0.00/turn               g - ring of positive energy
MPRegen 0.08/turn               (no ring)

@: inhibited regen
A: claws 1, cold resistance 1, negative energy resistance 3, inhibited
regeneration, torment resistance 2
a: no special abilities


You were on level 2 of the Dungeon.
You visited 1 branch of the dungeon, and saw 2 of its levels.

You collected 85 gold pieces.

Inventory:

Missiles
 c - 3 throwing nets
Armour
 a - a +0 leather armour (worn)
 b - a +0 helmet (worn)
Jewellery
 g - a ring of positive energy (left claw)
Scrolls
 d - a scroll of teleportation
 e - a scroll of fear
Potions
 f - a potion of might
 i - a potion of flight


   Skills:
 + Level 2.4 Fighting
 + Level 1.8 Throwing
 + Level 0.2 Armour
 + Level 3.3 Dodging
 + Level 4.0 Unarmed Combat


You had 2 spell levels left.
You didn't know any spells.
Your spell library was empty.

Dungeon Overview and Level Annotations

Branches:
Dungeon (2/15)

Altars:
Kikubaaqudgha

Shops:
D:2 =

Annotations:
D:2 1 runed translucent door, Crazy Yiuf


Innate Abilities, Weirdness & Mutations

You thrive by killing the living.
You are immune to poison.
You have sharp fingernails.
Your flesh is cold resistant. (rC+)
You are immune to negative energy. (rN+++)
You do not regenerate when monsters are visible.
You are immune to unholy pain and torment.


Message History

The rat misses you.
Nothing appears to happen.
The rat misses you. The rat bites you but does no damage.
Nothing appears to happen.
The rat barely misses you.
The bat struggles to resist.
The worm bites you. The rat bites you.
Nothing appears to happen.
The worm bites you. The rat bites you but does no damage.
Nothing appears to happen.
The rat bites you but does no damage.
Nothing appears to happen.
The worm bites you. The rat completely misses you.
Nothing appears to happen.
The now-empty wand crumbles to dust.
The rat barely misses you.
Nothing quivered!
Nothing quivered!
Nothing quivered!
Nothing quivered!
Nothing quivered!
Nothing quivered!
Nothing quivered!
Nothing quivered!
You barely miss the worm. The worm bites you!
You scratch the worm.
The worm is lightly wounded.
The rat barely misses you.
You scratch the worm.
The worm is moderately wounded.
The bat is no longer paralysed.
The bat closely misses you. The rat barely misses you. The worm bites you.
You claw the worm!
The worm is severely wounded.
The bat closely misses you. The rat barely misses you. The worm bites you.
* * * LOW HITPOINT WARNING * * *
You scratch the worm but do no damage.
The worm is severely wounded.
The bat closely misses you. The rat barely misses you.
You scratch the worm.
The worm is severely wounded.
The bat hits you.
* * * LOW HITPOINT WARNING * * *
The rat closely misses you. The worm bites you.
You die...

#####.## ##)..## ###.###.##
##.# ##.....## #..## ##.#
##..# ##.......## #...###.##
##...####.........###....#.###
#.......+.........+...........
##...####.........####.....###
##..# #.......# #.....#
#####.### #b.wr.# ###.###
#.......# ##.@.## #.#
#[###)#.# ##'## #.# #.....#.#
#.# #.# ###.#####.#### #.# #.#
.............###.##########.#
.##.##..#.##.##.............#
.##.......##.#∩....##########
.##.##..####.#.....#
.##.##..####.###.#.#


You could see a worm, a bat and a rat.

Vanquished Creatures
  2 worms (D:2)
  A dart slug (D:1)
  A ball python (D:2)
  3 bats
  3 endoplasms
  3 giant cockroaches (D:1)
  5 goblins
  3 hobgoblins
  2 jackals (D:1)
  A quokka (D:1)
  2 frilled lizards (D:1)
  3 kobolds
  A rat (D:1)
30 creatures vanquished.

Notes
Turn   | Place    | Note
-------+----------+-------------------------------------------
     0 | D:1      | lonewolfV2 the Ghoul Gladiator began the quest for the Orb.
     0 | D:1      | Reached XP level 1. HP: 17/17 MP: 0/0
   282 | D:1      | Reached XP level 2. HP: 21/24 MP: 1/1
   800 | D:1      | Reached XP level 3. HP: 25/29 MP: 2/2
  1059 | D:2      | Found an ancient bone altar of Kikubaaqudgha.
  1275 | D:2      | Reached skill level 4 in Unarmed Combat
  1625 | D:2      | Found a runed translucent door.
  1626 | D:2      | Noticed Crazy Yiuf
  1828 | D:2      | Found Foirghia's Jewellery Shop.
  1858 | D:2      | Slain by a worm

Illustrated notes

Levels and vault maps discovered:
D:1:      lightli_arrival_farm, layout_basic, minmay_statues_item,
          minmay_unequal
D:2:      layout_loops_corners, basic_altar, serial_shops, shop,
          minmay_pentomino_pile, uniq_crazy_yiuf_cottage

Skill      XL: |  1  2  3 |
---------------+----------+-----
Dodging        | 3 |  3.3
Unarmed Combat | 4 |  4.0
Fighting       | |  2.4
Throwing       | |  1.8
Armour         | |  0.2

Action                   || total
-------------------------++-------
Melee: Unarmed           ||    88
       Punch             ||     2
Evoke: Wand              ||    10
  Use: Scroll            ||     6
 Stab: Paralysed         ||     1
Armor: Leather armour    ||    37
Dodge: Dodged            ||    66

Table legend: (Time is in decaauts)
 A = Elapsed time spent in this place.
 B = Non-inter-level travel time spent in this place.
 C = Inter-level travel time spent in this place.
 D = Time resting spent in this place.
 E = Time spent auto-exploring this place.
 F = Levels seen in this place.
 G = Mean time per level.
                   A        B        C        D        E       F      G
               +--------+--------+--------+--------+--------+-----+--------+
         Total |   1872 |   1851 |     21 |      0 |   1570 |   2 |  936.0 |
       Dungeon |   1872 |   1851 |     21 |      0 |   1570 |   2 |  936.0 |
               +--------+--------+--------+--------+--------+-----+--------+

Top non-repeatable levels by time:
     D:1: 1075 daAuts
     D:2: 796 daAuts
